 Dungeon Crawl Stone Soup version 0.31-a0-188-g5e087ee2ca (webtiles) character file.

Game seed: 16568063834920299806

0 qw the Shooter (level 1, -1/12 HPs)
             Began as a Deep Elf Hunter on June 23, 2023.
             Slain by a quokka (2 damage)
             ... on level 1 of the Dungeon.
             The game lasted 00:00:00 (62 turns).

qw the Shooter (Deep Elf Hunter)                      Turns: 62, Time: 00:00:01

Health: -1/12      AC:  3    Str:  8    XL:     1   Next: 8%
Magic:  3/3        EV: 12    Int: 13    God:
Gold:   0          SH:  0    Dex: 18    Spells: 0/0 levels left

rFire   . . .        a - +0 shortbow
rCold   . . .        (shield currently unavailable)
rNeg    . . .        c - +0 leather armour
rPois   .            (no helmet)
rElec   .            (no cloak)
rCorr   .            (no gloves)
SInv    .            (no boots)
Will    .....        (no amulet)
Stlth   ++           (no ring)
HPRegen 0.22/turn    (no ring)
MPRegen 0.08/turn

%: no passive effects
@: no status effects
A: no striking features
a: no special abilities


You were on level 1 of the Dungeon.
You visited 1 branch of the dungeon, and saw 1 of its levels.


   Skills:
 - Level 1.5 Fighting
 + Level 5.3 Ranged Weapons
 - Level 2.4 Dodging
 - Level 1.2 Stealth


You couldn't memorise any spells.
You didn't know any spells.
Your spell library was empty.

Inventory:

Hand Weapons
 a - a +0 shortbow (weapon)
Armour
 c - a +0 leather armour (worn)
Scrolls
 b - a scroll of butterflies
Potions
 d - a potion of lignification {unknown}

Dungeon Overview and Level Annotations

Branches:
Dungeon (1/15)

Altars:


Message History

Welcome, qw the Deep Elf Hunter.
You feel drawn to the Orb of Zot, downwards into the unfathomable depths...
Press ? for a list of commands and other information.
Found a staircase leading out of the dungeon.
Options error: Missing colour in message_colour setting: 'then' x2
Waypoint 0 assigned to D:1.
0 ||| PLANNING D:1-11
Found an escape hatch in the floor.
A rat comes into view.
You shoot an arrow. The arrow hits the rat.
You kill the rat!
d - a ruby potion
Found a stone staircase leading down.
There is a stone staircase leading down here.
A quokka comes into view.
You shoot an arrow. The arrow hits the quokka.
The quokka is almost dead.
An endoplasm comes into view.
You shoot an arrow.
The arrow completely misses the endoplasm.
You shoot an arrow. The arrow misses the quokka.
The endoplasm jiggles.
You shoot an arrow.
The arrow hits the quokka but does no damage.
The quokka is severely wounded.
The quokka bites you but does no damage.
You shoot an arrow. The arrow closely misses the quokka.
The endoplasm barely misses you. The quokka bites you.
The endoplasm freezes you.
You are frozen.
You shoot an arrow. The arrow closely misses the quokka.
The quokka closely misses you. The endoplasm freezes you.
You are frozen.
The quokka bites you.
You die...

# #. .### ..#
####### #.# #.....#
###.#####.###.#
#..J.....>###.######
#.#@#####.#.........
#...r# #.#.#.######
#......# #...#.#
#.......
#.....######
#.?.....
######......
#.......# .#....
#......... .#.##.
...#...... .#....
####.


You could see an endoplasm and a quokka.

Vanquished Creatures
  A rat (D:1)
1 creature vanquished.

Notes
Turn   | Place    | Note
-------+----------+-------------------------------------------
     0 | D:1      | qw the Deep Elf Hunter began the quest for the Orb.
     0 | D:1      | Reached XP level 1. HP: 12/12 MP: 3/3
     0 | D:1      | 0 ||| qw: Version: 0.3-a-9-g12657ce
     0 | D:1      | 0 ||| qw: Game counter: 3509
     0 | D:1      | 0 ||| qw: Always use a shield: true
     0 | D:1      | 0 ||| qw: God list: Okawaru
     0 | D:1      | 0 ||| qw: Allow faded altars: false
     0 | D:1      | 0 ||| qw: Do Orc after D:15 true
     0 | D:1      | 0 ||| qw: Do second Lair branch before Depths: true
     0 | D:1      | 0 ||| qw: Lair rune preference: random
     0 | D:1      | 0 ||| qw: Plans: Normal
     0 | D:1      | 0 ||| PLANNING D:1-11
    62 | D:1      | HP: 1/12 [frozen (5)]
    62 | D:1      | Slain by a quokka

Levels and vault maps discovered:
D:1:      onia_arrival_handbag, layout_loops_cross

Action                     || total
---------------------------++-------
   Fire: Shortbow          ||     7
 Armour: Leather armour    ||     1
  Dodge: Dodged            ||     2

Table legend:
 A = Non-vault XP
 B = Vault XP
 C = Vault XP percentage of total XP
 D = Non-vault monster count
 E = Vault monster count
 F = Vault count percentage of total count
                 A         B        C        D         E       F
            +---------+---------+-------+---------+---------+-------
      Total |       0 |       1 | 100.0 |       0 |       1 | 100.0
            +---------+---------+-------+---------+---------+-------
        D:1 |       0 |       1 | 100.0 |       0 |       1 | 100.0
            +---------+---------+-------+---------+---------+-------
